 Dungeon Crawl Stone Soup version 0.22-a0-283-g1871b15 (webtiles) character file.

18 smeego the Scratcher (level 2, 0/18 HPs)
             Began as a Felid Transmuter on Mar 20, 2018.
             Slain by a kobold
             ... wielding a +0 whip
              (3 damage)
             ... on level 1 of the Dungeon.
             The game lasted 00:01:03 (366 turns).

smeego the Scratcher (Felid Transmuter)              Turns: 366, Time: 00:01:03

Health: 0/18       AC:  1    Str: 11    XL:     2   Next: 51%
Magic:  15/15      EV: 18    Int: 14    God:
Gold:   10         SH:  0    Dex: 16    Spells: 4/5 levels left
                                        Lives:  0   Deaths: 0

rFire    . . .     SeeInvis +     - Unarmed
rCold    . . .     Gourm    .   (shield unavailable)
rNeg     . . .     Faith    .   (armour unavailable)
rPois    .         Spirit   .   (helmet unavailable)
rElec    .         Reflect  .   (cloak unavailable)
rCorr    .         Harm     .   (gloves unavailable)
MR       .....                  (boots unavailable)
Stlth    ..........             (no amulet)
HPRegen  0.06/turn              b - ring of magical power
MPRegen  0.14/turn              (no ring)

@: berserking (expiring), appendage, very quick
A: very small, no armour, no weapons or thrown items, stealth, claws 1, fangs 3,
horns 2, see invisible, carnivore, speed 1, shaggy fur 1, slow metabolism 1,
sharp paws
a: End Transformation


You were on level 1 of the Dungeon.
You were completely stuffed.
You had grown temporary horns.
You visited 1 branch of the dungeon, and saw 1 of its levels.

You collected 10 gold pieces.

Inventory:

Missiles
 a - 57 arrows
Jewellery
 b - a ring of magical power (left paw)
Scrolls
 d - a scroll of identify {unknown}
 f - a scroll of teleportation {unknown}
Potions
 h - a potion of curing {unknown}
Comestibles
 c - 3 rations
 g - a chunk of flesh


   Skills:
 + Level 1.1 Fighting
 + Level 2.9 Dodging
 + Level 1.0 Stealth
 + Level 3.1 Unarmed Combat
 + Level 2.1 Spellcasting
 * Level 2.8 Transmutations


You had 4 spell levels left.
You knew the following spells:

 Your Spells              Type           Power        Failure   Level  Hunger
a - Beastly Appendage     Tmut           #.....       8%          1    ##.....


Dungeon Overview and Level Annotations

Branches:
Dungeon (1/15)

Altars:


Innate Abilities, Weirdness & Mutations

You cannot wear armour.
You are incapable of wielding weapons or throwing items.
Your paws allow you to move quietly. (Stealth)
You have sharp claws.
You have razor-sharp teeth.
You have supernaturally acute eyesight. (SInv)
You are carnivorous and can eat meat at any time.
You cover ground quickly.
You are covered in fur. (AC +1)
You have a slow metabolism.
Your sharp claws are effective at attacking unaware monsters.
You have a pair of horns on your head.


Message History

The goblin is severely wounded.
The goblin closely misses you.
You scratch the goblin.
You kill the goblin!
You barely miss the rat. The rat closely misses you.
The kobold shouts!
You scratch the rat.
You kill the rat!
It was a potion of berserk rage.
A red film seems to cover your vision as you go berserk!
You feel yourself moving faster!
You feel mighty!
You scratch the hobgoblin.
You kill the hobgoblin!
The kobold throws a stone.
The stone hits you.
* * * LOW HITPOINT WARNING * * *
Items here: ( ) ? † a stone; a club; a scroll labeled KEGAOL MASTU; a hobgoblin corpse You feel a strong urge to attack something.
The kobold hits you with a whip.
You die...

.............##§≈≈≈≈ .
#.###...#....##..#§§#§≈ #.
....###......######§§§§ #K# #.
.#####....## #§§§≈ #..##
#.#...###...[(######≈≈≈ # #...
..# ..#####.....# ###≈ ..##...##
#.# #.########..######
........###.###.##..............
..............)K@.(..#.(.........
..........##..#####..#...)....###
..............####..........).#
........##......#............###
...#...##..#...)................
###.######.###.....##.......[.###
....###....# ##....##.##..#####
........#### #....##÷##..#
....##### ##....##.#...#


You could see a kobold.

Vanquished Creatures
  2 ball pythons (D:1)
  A giant cockroach (D:1)
  3 hobgoblins (D:1)
  A bat (D:1)
  A frilled lizard (D:1)
  5 goblins (D:1)
  2 kobolds (D:1)
  2 rats (D:1)
17 creatures vanquished.

Notes
Turn   | Place    | Note
-------+----------+-------------------------------------------
     0 | D:1      | smeego the Felid Transmuter began the quest for the Orb.
     0 | D:1      | Reached XP level 1. HP: 9/9 MP: 4/4
   144 | D:1      | Reached XP level 2. HP: 10/12 MP: 6/6
   234 | D:1      | Reached skill level 1 in Stealth
   366 | D:1      | Slain by a kobold

Vault maps used:
D:1:      lightli_molten_gateway, minmay_liquid_box

Skill      XL: |  1  2 |
---------------+-------+-----
Stealth        | 1 |  1.0
Fighting       | |  1.1
Dodging        | |  2.9
Unarmed Combat | |  3.1
Spellcasting   | |  2.1
Transmutations | |  2.8

Action                   || total
-------------------------++-------
Melee: Unarmed           ||    40
       Headbutt          ||     6
       Bite              ||     2
       Punch             ||     1
 Cast: Beastly Appendage ||     7
  Use: Potion            ||     1
 Stab: Sleeping          ||     2
  Eat: Chunk             ||     6
Dodge: Dodged            ||    30

Table legend:
 A = Spawn XP
 B = Non-spawn XP
 C = Spawn XP percentage of total XP
 D = Spawn monster count
 E = Non-spawn monster count
 F = Spawn count percentage of total count
 G = Total turns spent on level
                    A         B        C        D         E        F      G
               +---------+---------+-------+---------+---------+-------+---------
         Total |       0 |      27 |   0.0 |       0 |      17 |   0.0 |   366
               +---------+---------+-------+---------+---------+-------+---------
           D:1 |       0 |      27 |   0.0 |       0 |      17 |   0.0 |   366
               +---------+---------+-------+---------+---------+-------+---------
